AoeStats
← kable.xpress

Arabia

509009645Analyzed
1v1 RM · 8d ago on Sep 25, 2026· 40m 20s· 2 players
Game mode
Random Map
Map size
Tiny (2 player)
Population
200
Speed
Normal
Resources
Standard
Victory
Conquest
Starting age
Dark Age
Ending age
Imperial Age
RankedLock teamsTeams togetherTeam positionsShared explorationLock speedFull tech treeHidden civsTurbo modeCheats
Victory
Defeat
🇦🇷 Danes · Argentina
2168
+4
🇦🇺 Japanese · Australia
1835
-4
kable.xpress
6:42 Loom
9:23 Feudal Age
9:27 Man-at-Arms
10:31 Double-Bit Axe
15:22 Fletching
21:20 Castle Age
19:43 Padded Archer Armor
20:04 Gold Mining
21:12 Horse Collar
21:58 Bodkin Arrow
21:24 Crossbowman
22:50 Bow Saw
25:21 Wheelbarrow
24:32 Town Watch
26:28 Elite Skirmisher
28:45 Leather Archer Armor
29:38 Ballistics
36:56 Imperial Age
34:20 Stone Mining
36:31 Hand Cart
37:46 Bracer
39:45 Chemistry
40:18 Heavy Plow
Fakedos
6:13 Loom
9:01 Feudal Age
9:10 Man-at-Arms
9:43 Double-Bit Axe
14:52 Fletching
19:52 Town Watch
22:53 Castle Age
21:54 Padded Archer Armor
22:07 Gold Mining
21:57 Horse Collar
23:45 Wheelbarrow
22:56 Crossbowman
24:23 Bodkin Arrow
26:42 Leather Archer Armor
28:52 Guard Tower
31:55 Ballistics
33:43 Scale Mail Armor
33:45 Squires
34:39 Chain Mail Armor
34:19 Horse Collar
34:57 Bow Saw
41:26 Imperial Age
Connection lost

Rejoining the realm…

Still unreachable

The connection could not be restored.

Session expired

The server has moved on; the page needs a fresh start.